 Dungeon Crawl Stone Soup version 0.29.0-13-gc9e81de378 (webtiles) character file.

Game seed: 2229714922783370845

6309 SnakkuSnakku7 the Severer (level 10, -7/66 HPs)
             Began as a Barachi Warper on Sept 7, 2022.
             Was a Believer of Hepliaklqana.
             Mangled by a troll (14 damage)
             ... on level 9 of the Dungeon.
             The game lasted 00:19:20 (10945 turns).

SnakkuSnakku7 the Severer (Barachi Warper)         Turns: 10945, Time: 00:19:21

Health: -7/66      AC: 15    Str: 16    XL:     10   Next: 95%
Magic:  13/13      EV:  7    Int: 14    God:    Hepliaklqana [**....]
Gold:   510        SH:  0    Dex: 12    Spells: 13/13 levels left

rFire   + . .      SeeInvis .   a - +1 war axe
rCold   + . .      Faith    .   x - orb {light}
rNeg    . . .      Spirit   .   k - +2 chain mail {Will+}
rPois   .          Reflect  .   (no helmet)
rElec   .          Harm     .   o - +0 cloak
rCorr   .          Rampage  .   G - +0 pair of gloves
Will    +....                   e - +0 pair of boots
Stlth   ..........              (no amulet)
HPRegen 0.21/turn               i - ring of protection from cold
MPRegen 0.13/turn               c - ring of protection from fire

@: unable to hop, glowing, slow
A: reduced essence, amphibious, slowness 1, strong legs 1, +LOS
a: Hop, Renounce Religion, Recall Ancestor, Ancestor Identity


You were on level 9 of the Dungeon.
You worshipped Hepliaklqana.
Hepliaklqana was pleased with you.
You visited 2 branches of the dungeon, and saw 11 of its levels.
You also visited: Bailey.

You collected 510 gold pieces.

Inventory:

Hand Weapons
 a - a +1 war axe (weapon)
 h - a +0 battleaxe
Missiles
 d - 2 boomerangs of dispersal
 n - 37 poisoned darts
 D - 22 boomerangs (quivered)
Armour
 e - a +0 pair of boots (worn)
 k - a +2 chain mail of willpower (worn)
 o - a +0 cloak (worn)
 v - a +0 plate armour
 w - a +0 buckler
 x - an orb of light (worn)
 G - a +0 pair of gloves (worn)
Jewellery
 b - a ring of flight
 c - a ring of protection from fire (right hand)
 i - a ring of protection from cold (left hand)
Wands
 z - a wand of iceblast (1)
Scrolls
 f - 2 scrolls of blinking
 g - 2 scrolls of teleportation
 r - a scroll of acquirement {unknown}
 u - a scroll of fear {unknown}
 y - 2 scrolls of vulnerability
 A - a scroll of poison {unknown}
 C - a scroll of brand weapon {unknown}
 E - a scroll of enchant armour {unknown}
 F - 2 scrolls of enchant weapon
 H - a scroll of torment {unknown}
Potions
 j - 7 potions of brilliance
 l - 2 potions of ambrosia
 m - 4 potions of attraction
 p - a potion of mutation {unknown}
 q - a potion of cancellation
 s - a potion of flight {unknown}
 t - 2 potions of haste
 B - 2 potions of invisibility


   Skills:
 - Level 5.0 Fighting
 - Level 16.0 Axes
 - Level 4.0 Throwing
 + Level 4.4 Armour
 - Level 2.1 Dodging
 - Level 2.1 Spellcasting
 - Level 3.2 Translocations


You had 13 spell levels left.
You didn't know any spells.
Your spell library contained the following spells:

 Spells                   Type           Power      Damage    Failure   Level
 Blink                    Tloc           20%        N/A       82%         2
 Gell's Gravitas          Tloc           10%        N/A       96%         3
 Lesser Beckoning         Tloc           10%        N/A       96%         3
 Teleport Other           Tloc           10%        N/A       96%         3
 Sting                    Tmut/Pois      4%         1d3       98%         1
 Summon Small Mammal      Summ           4%         N/A       98%         1
 Ensorcelled Hibernation  Hex/Ice        2%         N/A       99%         2
 Passwall                 Tmut/Erth      0%         N/A       99%         2
 Call Canine Familiar     Summ           1%         N/A       100%        3
 Conjure Flame            Conj/Fire      1%         6-21      100%        3
 Ignite Poison            Fire/Tmut/Pois 1%         N/A       100%        3
 Stone Arrow              Conj/Erth      2%         3d7       100%        3
 Summon Guardian Golem    Hex/Summ       1%         N/A       100%        3
 Swiftness                Air            1%         N/A       100%        3
 Animate Armour           Summ/Erth      2%         N/A       100%        4
 Sticky Flame             Conj/Fire      1%         2d3       100%        4
 Manifold Assault         Tloc           10%        N/A       100%        5
 Lehudib's Crystal Spear  Conj/Erth      0%         10d2      100%        8


Dungeon Overview and Level Annotations

Branches:
Dungeon (10/15)            Temple (1/1) D:5             Orc (0/2) D:9
 Bailey (visited)
   Lair: D:8-11

Altars:
Ashenzari
Cheibriados
Dithmenos
Elyvilon
Fedhas
Gozag
Hepliaklqana
Kikubaaqudgha
Makhleb
Nemelex Xobeh
Okawaru
Ru
Sif Muna
Trog
Uskayaw
Vehumet
Wu Jian
Xom
Yredelemnul
Zin
The Shining One

Shops:
D:7 [

Annotations:
D:8 4 transporters


Innate Abilities, Weirdness & Mutations

Your life essence is reduced to manifest your ancestor. (-10% HP)
You are amphibious.
You cover ground slowly.
You can hop short distances.
You have an extended range of vision and can be seen from far away.


Message History

The hornet is almost dead.
The hornet stings you!
* * * LOW HITPOINT WARNING * * *
You are lethally poisoned!
You feel as though you will be slow longer.
The hornet stings you but does no damage.
Unknown command.
Hop to where?
Press: ? - help, Dir - move target A gnoll comes into view.
It is wielding a +0 spear.
Boing!
* * * LOW HITPOINT WARNING * * *
You feel very sick.
The gnoll shouts!
CirSlain gestures at the hornet while chanting.
The hornet resists with some effort.
The hornet closely misses cirSlain.
CirSlain hits the hornet with a +0 dagger of draining.
The hornet dies!
Your Armour skill increases to level 4!
You feel better.
CirSlain casts a spell at the gnoll.
The gnoll resists with significant effort.
CirSlain casts a spell at the gnoll.
The gnoll resists with significant effort.
The gnoll hits cirSlain with a +0 spear.
CirSlain gestures at the gnoll while chanting.
The gnoll seems to slow down.
CirSlain hits the gnoll with a +0 dagger of draining!
CirSlain drains the gnoll.
The gnoll dies!
You feel yourself speed up.
A troll comes into view.
The troll shouts!
There is an open door here.
The troll bites you.
* * * LOW HITPOINT WARNING * * *
The troll claws you!
* * * LOW HITPOINT WARNING * * *
The troll claws you but does no damage. The troll bites you!
You die...

........#................
.....>..#................
.......#........).......
.......#..R.......######
#...#'#######+##..
#.................
#.........(.........
#.......RT.........#
###......@.........+
#................#
#.....##########.# #.....#
#.# ##.....# #.# #......+
#.######.
#......##########........
##.......................#
...................<.......#


You could see the friendly cirSlain the hexer and a troll (ally target).

Vanquished Creatures
  A troll (D:10)
  Grinder (D:3)
  Prince Ribbit (D:7)
  A yak (D:10)
  2 wyverns (D:8)
  3 steam dragons
  4 orc warriors
  A water moccasin (D:6)
  Pargi (D:4)
  A black bear (D:6)
  2 ice beasts
  2 ogres
  4 centaurs
  5 kobold brigands
  4 bullfrogs
  2 gnoll sergeants (D:8)
  3 necrophages
  6 scorpions
  14 killer bees
  3 vampire bats (D:3)
  A howler monkey (D:6)
  A jelly (D:7)
  A gnoll bouda (D:6)
  3 orc priests
  Ijyb (D:3)
  5 hounds
  4 orc wizards
  3 iguanas
  13 gnolls
  9 adders
  A shadow imp (D:7)
  2 white imps
  A worm (D:2)
  3 dart slugs
  22 orcs
  10 endoplasms
  4 giant cockroaches
  3 goblins
  10 hobgoblins
  2 quokkas
  8 ball pythons
  12 bats
  A frilled lizard (D:2)
  18 kobolds
  10 rats
209 creatures vanquished.

Vanquished Creatures (collateral kills)
  A hornet (D:9)
  A wyvern (D:8)
  A steam dragon (D:10)
  2 kobold brigands (Bailey)
  An orc wizard (D:7)
  2 gnolls
  6 kobolds (Bailey)
14 creatures vanquished.

Vanquished Creatures (others)
  4 ancestors (D:10)
  A fungus (D:5)
  29 plants
34 creatures vanquished.

Grand Total: 257 creatures vanquished

Notes
Turn   | Place    | Note
-------+----------+-------------------------------------------
     0 | D:1      | SnakkuSnakku7 the Barachi Warper began the quest for the
                  | Orb.
     0 | D:1      | Reached XP level 1. HP: 17/17 MP: 3/3
   257 | D:1      | Reached XP level 2. HP: 11/23 MP: 5/5
   990 | D:1      | Reached skill level 3 in Axes
  1097 | D:1      | Reached XP level 3. HP: 28/28 MP: 6/6
  1339 | D:2      | Found a faded altar of an unknown god.
  1356 | D:2      | Got Plato's Reference Book on the Snake
  1646 | D:2      | Found a shadowy altar of Dithmenos.
  2630 | D:3      | Noticed an ice beast
  2716 | D:3      | Killed an ice beast
  2717 | D:3      | Reached skill level 4 in Axes
  2717 | D:3      | Reached XP level 4. HP: 34/34 MP: 7/7
  2717 | D:3      | Reached XP level 5. HP: 39/39 MP: 8/8
  2914 | D:3      | Reached skill level 5 in Axes
  2914 | D:3      | Reached XP level 6. HP: 43/46 MP: 9/9
  3171 | D:3      | Noticed Ijyb
  3259 | D:3      | Noticed Grinder
  3271 | D:3      | Paralysed by Grinder for 2 turns
  3279 | D:3      | Killed Ijyb
  3302 | D:3      | Killed Grinder
  3303 | D:3      | Reached skill level 7 in Axes
  3303 | D:3      | Reached XP level 7. HP: 29/51 MP: 10/10
  3801 | D:4      | Reached skill level 8 in Axes
  4114 | D:4      | Noticed Pargi
  4140 | D:4      | Killed Pargi
  4141 | D:4      | Reached skill level 9 in Axes
  4141 | D:4      | Reached XP level 8. HP: 24/57 MP: 11/11
  4159 | D:4      | Found a shimmering blue altar of Sif Muna.
  4938 | D:5      | Entered Level 5 of the Dungeon
  4973 | D:5      | Found a staircase to the Ecumenical Temple.
  5041 | Temple   | Entered the Ecumenical Temple
  5073 | Temple   | Became a worshipper of Hepliaklqana the Forgotten
  5302 | D:5      | Found an opulent altar of Gozag.
  5541 | D:5      | Reached skill level 10 in Axes
  5823 | D:6      | Reached skill level 5 in Fighting
  5840 | D:6      | Reached XP level 9. HP: 11/68 MP: 12/12
  6276 | D:6      | Reached skill level 11 in Axes
  7038 | D:7      | You are sucked into a shaft and drop 3 floors!
  7038 | D:10     | Entered Level 10 of the Dungeon
  7043 | D:10     | Reached * piety under Hepliaklqana
  7051 | D:10     | Found a large runed translucent door.
  7052 | D:10     | Found a large runed translucent door.
  7075 | D:10     | Found a blossoming altar of Fedhas.
  7214 | D:10     | Found a flagged portal.
  7221 | Bailey   | Entered a bailey
  7263 | Bailey   | Reached skill level 12 in Axes
  7709 | Bailey   | Reached skill level 13 in Axes
  7758 | Bailey   | Found a burning altar of Makhleb.
  7907 | D:10     | Found an ancient bone altar of Kikubaaqudgha.
  8175 | D:10     | Found a glowing golden altar of the Shining One.
  8175 | D:10     | Noticed a troll
  8189 | D:10     | Killed a troll
  8190 | D:10     | Reached skill level 14 in Axes
  8190 | D:10     | Reached XP level 10. HP: 47/66 MP: 13/13
  8296 | D:9      | Found a staircase to the Orcish Mines.
  8638 | D:7      | Found an ornate altar of the Wu Jian Council.
  8657 | D:7      | Found Zeajiryx's Antique Armour Boutique.
  8927 | D:7      | Noticed Prince Ribbit
  8948 | D:7      | Killed Prince Ribbit
  9240 | D:7      | Reached skill level 15 in Axes
  9263 | D:7      | Reached ** piety under Hepliaklqana
  9264 | D:7      | Remembered your ancestor cirSlain as a hexer
  9570 | D:7      | Found a white marble altar of Elyvilon.
 10235 | D:8      | Reached skill level 16 in Axes
 10456 | D:8      | Found a transporter.
 10456 | D:8      | Found a transporter.
 10459 | D:8      | Found a transporter.
 10460 | D:8      | Found a transporter.
 10928 | D:9      | Paralysed by a hornet for 2 turns
 10945 | D:9      | Mangled by a troll

Illustrated notes

Levels and vault maps discovered:
D:1:      psy_arrival_fountain, layout_basic
D:2:      layout_loops_cross, shapermc_ecumenical_altar_rom_forum, basic_altar,
          grunt_ministairs_11
D:3:      layout_rooms, serial_bayou, serial_bayou_lagoon_b,
          serial_bayou_lagoon_a, serial_bayou_shore_a, serial_bayou_shore_b,
          chequers_serial_rivers_micro_a, roderic_batcave, feat_on_display,
          uniq_grinder, uniq_ijyb
D:4:      layout_cave_pools, lemuel_doored_altar, uniq_pargi
D:5:      layout_loops_ring, mainiacjoe_overflow_boulevard, temple_doors_ab
D:6:      layout_basic
D:7:      layout_rooms, mainiacjoe_overflow_24_doors, general_overflow_altar,
          serial_shops, nicolae_shop_stone, chequers_serial_rivers_marsh,
          chequers_serial_rivers_micro_c, uniq_prince_ribbit1
D:8:      layout_basic, dreamdust_princess_corridor, nicolae_diode_quadrants
D:9:      layout_irregular_city, nicolae_qazlal_style_of_elements,
          grunt_lair_entry_orc_guard_hut, orc_0_dummy
D:10:     layout_basic, jmf_multi_god_temple2, fedhas_altar_1, enter_bailey_2
Temple:   nicolae_temple_great_sept

Skill      XL: |  1  2  3  4  5  6  7  8  9 10 |
---------------+-------------------------------+-----
Axes           | 3 4 5 7 9 10 14 16 | 16.0
Throwing       | 2 3 4 |  4.0
Fighting       | 5 |  5.0
Armour         | 4 |  4.4
Dodging        | |  2.1
Spellcasting   | |  2.1
Translocations | |  3.2

Action                   |  1- 3 |  4- 6 |  7- 9 | 10-12 || total
-------------------------+-------+-------+-------+-------++-------
Melee: Hand axe          |   166 |    70 |   138 |       ||   374
       Punch             |     1 |       |       |       ||     1
       Unarmed           |     6 |    15 |       |       ||    21
       War axe           |       |       |   193 |   178 ||   371
Throw: Dart              |     4 |       |    11 |       ||    15
       Boomerang         |       |     5 |     4 |       ||     9
Invok: Recall Ancestor   |       |       |     1 |       ||     1
       Ancestor Identity |       |       |     1 |       ||     1
       Ancestor Life: He |       |       |       |     1 ||     1
 Abil: Hop               |     1 |       |     6 |     3 ||    10
Evoke: Wand              |       |       |    17 |       ||    17
  Use: Scroll            |     2 |       |    19 |       ||    21
       Potion            |     1 |     1 |     6 |     2 ||    10
 Stab: Paralysed         |       |       |    11 |       ||    11
       Distracted        |       |       |       |     4 ||     4
       Confused          |       |       |       |     1 ||     1
Armor: Ring mail         |    19 |       |       |       ||    19
       Scale mail        |    67 |    54 |    11 |       ||   132
       Skin              |     5 |    10 |       |       ||    15
       Plate armour      |       |       |   201 |       ||   201
       Chain mail        |       |       |    28 |    96 ||   124
Dodge: Dodged            |    76 |    42 |    93 |    69 ||   280
